AoeStats
← Jose Pedro Castillo Terrones

QS Arena

503251703Analyzed
4v4 RM · 1mo ago on Aug 30, 2026· 36m 31s· 8 players
Game mode
Random Map
Map size
Large (8 player)
Population
200
Speed
Normal
Resources
Standard
Victory
Conquest
Starting age
Dark Age
Ending age
Imperial Age
RankedLock teamsTeams togetherTeam positionsShared explorationLock speedFull tech treeHidden civsTurbo modeCheats
Victory
Defeat
🇲🇽 Mongols · Mexico
1457
+8
🇺🇸 Khmer · United States
1223
+17
🇨🇦 Magyars · Canada
1114
+22
🇺🇸 Khitans · United States
1023
+25
🇧🇷 Inca · Brazil
1271
-19
🇺🇸 Vikings · United States
1263
-19
🇵🇪 Bohemians · Peru
1244
-18
1230
-17
OLD_SAINT_DICK
2:28 Loom
6:47 Feudal Age
7:25 Double-Bit Axe
8:38 Stone Mining
8:48 Fletching
9:53 Horse Collar
10:32 Town Watch
20:03 Castle Age
18:39 Gold Mining
21:02 Bow Saw
21:10 Bodkin Arrow
22:04 Heavy Plow
24:25 Gold Shaft Mining
25:03 Fervor
32:27 Imperial Age
31:22 Scale Mail Armor
31:26 Padded Archer Armor
32:09 Ballistics
31:30 Treadmill Crane
32:00 Masonry
32:23 Leather Archer Armor
33:44 Ring Archer Armor
33:15 Bracer
34:16 Chemistry
33:32 Crossbowman
34:44 Conscription
34:26 Scale Mail Armor
34:37 Forging
35:02 Squires
34:48 Arson
35:07 Chieftains
36:02 Chain Mail Armor
35:27 Arbalester
36:47 Fortified Wall
37:07 Architecture
۞_KDZ_۞
10:29 Feudal Age
11:13 Double-Bit Axe
13:57 Castle Age
12:05 Horse Collar
12:50 Champi Runner
14:15 Pikeman
15:50 Squires
17:38 Scale Mail Armor
21:18 Wheelbarrow
21:12 Bow Saw
21:04 Heavy Plow
22:05 Stone Mining
23:57 Gold Mining
23:48 Champi Warrior
28:54 Imperial Age
27:59 Gold Shaft Mining
27:13 Loom
27:13 Town Watch
27:57 Forging
29:15 Hand Cart
29:54 Chain Mail Armor
30:03 Padded Archer Armor
29:54 Fletching
29:43 Capped Ram
30:21 Treadmill Crane
30:07 Halberdier
31:15 Town Patrol
31:49 Plate Mail Armor
31:49 Siege Engineers
34:27 Iron Casting
Jose Pedro Castillo Terrones
6:15 Loom
8:09 Feudal Age
12:48 Castle Age
11:21 Double-Bit Axe
18:26 Horse Collar
25:07 Imperial Age
22:23 Loom
24:00 Wheelbarrow
24:25 Heavy Plow
24:55 Forging
24:51 Scale Barding Armor
25:16 Stone Mining
25:46 Bloodlines
26:21 Iron Casting
26:34 Cavalier
28:36 Hand Cart
32:02 Chemistry
31:45 Chain Barding Armor
32:26 Blast Furnace
34:21 Plate Barding Armor
34:46 Blast Furnace
CP7
8:46 Feudal Age
12:47 Castle Age
11:07 Double-Bit Axe
12:22 Horse Collar
19:48 Bow Saw
21:56 Heavy Plow
22:36 Wheelbarrow
24:01 Loom
26:06 Chemistry
27:51 Imperial Age
25:54 Hand Cart
25:45 Padded Archer Armor
26:59 Leather Archer Armor
27:58 Masonry
28:50 Scale Mail Armor
29:22 Ring Archer Armor
28:15 Pikeman
30:19 Two-Man Saw
30:50 Chain Mail Armor
30:47 Forging
34:05 Onager
CloudAth
4:40 Loom
7:41 Feudal Age
16:56 Castle Age
18:05 Double-Bit Axe
21:20 Light Cavalry
22:02 Husbandry
22:41 Wheelbarrow
23:32 Town Watch
26:25 Forging
27:21 Stone Mining
28:05 Scale Barding Armor
32:20 Imperial Age
30:24 Bow Saw
29:57 Domestication
32:11 Iron Casting
34:39 Hand Cart
35:53 Gold Mining
36:38 Stone Shaft Mining
KingSlaayerAoE
7:50 Feudal Age
7:59 Feudal Age
11:09 Castle Age
9:52 Horse Collar
9:58 Double-Bit Axe
12:14 Bow Saw
13:32 Loom
14:56 Loom
22:19 Heavy Plow
22:30 Loom
23:40 Wheelbarrow
23:20 Loom
23:39 Gold Mining
25:20 Hand Cart
24:51 Loom
26:03 Gold Shaft Mining
28:42 Imperial Age
27:25 Forging
27:21 Scale Barding Armor
27:45 Stone Mining
28:43 Iron Casting
27:56 Town Watch
29:13 Chain Barding Armor
30:06 Crop Rotation
28:59 Elite Battle Elephant
29:50 Bloodlines
31:24 Blast Furnace
30:56 Tusk Swords
31:41 Plate Barding Armor
33:10 Conscription
35:46 Husbandry
35:40 Fletching
Salah-El-Deen
8:45 Feudal Age
11:05 Loom
20:47 Castle Age
20:23 Double-Bit Axe
20:21 Horse Collar
22:06 Heavy Plow
22:18 Bow Saw
24:10 Wheelbarrow
25:23 Scale Barding Armor
25:40 Gold Mining
28:06 Hand Cart
28:53 Chain Barding Armor
31:10 Imperial Age
31:16 Imperial Age
29:25 Corvinian Army
29:35 Corvinian Army
31:43 Bloodlines
31:33 Husbandry
33:02 Conscription
32:56 Fletching
33:06 Padded Archer Armor
33:35 Recurve Bow
33:02 Elite Magyar Huszar
34:39 Parthian Tactics
35:53 Gold Shaft Mining
35:10 Stone Mining
Ux'Dora La Exploradora
8:30 Feudal Age
12:27 Castle Age
10:20 Double-Bit Axe
13:38 Bow Saw
22:36 Wheelbarrow
23:31 Hand Cart
26:19 Imperial Age
23:36 Loom
24:03 Horse Collar
24:15 Gold Mining
24:18 Stone Mining
25:27 Heavy Plow
26:03 Gold Shaft Mining
26:05 Stone Shaft Mining
25:21 Fletching
25:56 Ballistics
25:57 Bodkin Arrow
27:24 Conscription
27:05 Bracer
28:10 Chemistry
27:42 Padded Archer Armor
27:44 Husbandry
27:54 Bloodlines
28:37 Parthian Tactics
28:59 Leather Archer Armor
29:55 Thumb Ring
30:15 Scale Barding Armor
30:20 Forging
31:01 Siege Engineers
30:44 Elite Mangudai
32:03 Capped Ram
33:32 Siege Ram
36:07 Town Watch
37:02 Drill
Connection lost

Rejoining the realm…

Still unreachable

The connection could not be restored.

Session expired

The server has moved on; the page needs a fresh start.